 Dungeon Crawl Stone Soup version 0.24.1-4-ge52af88ad5 (webtiles) character file.

Game seed: 4806555647313776319, levelgen mode: deterministic

3434 Curus the Spear-Bearer (level 9, -2/117 HPs)
             Began as a Minotaur Monk on Apr 12, 2020.
             Was an Elder of Makhleb.
             Slain by a death yak (3 damage)
             ... on level 7 of the Dungeon.
             The game lasted 00:40:11 (5073 turns).

Curus the Spear-Bearer (Minotaur Monk)              Turns: 5073, Time: 00:40:11

Health: -2/117     AC: 28    Str: 16    XL:     9   Next: 77%
Magic:  8/8        EV:  2    Int:  7    God:    Makhleb [****..]
Gold:   519        SH:  0    Dex: 16    Spells: 8/8 levels left

rFire    . . .     SeeInvis +   k - +1 trident
rCold    . . .     Gourm    .   (no shield)
rNeg     + + +     Faith    .   (armour currently unavailable)
rPois    +         Spirit   .   (helmet currently unavailable)
rElec    .         Reflect  .   (cloak currently unavailable)
rCorr    .         Harm     .   (gloves currently unavailable)
MR       .....     NoTele   +   (boots currently unavailable)
Stlth    ++........             m - amulet of regeneration
HPRegen  0.00/turn              h - +4 ring of protection
MPRegen  0.11/turn              q - ring of see invisible

@: tree-form
A: (retaliatory headbutt), inhibited regeneration, wild magic 1
a: Minor Destruction, Lesser Servant of Makhleb, Major Destruction, Renounce
Religion


You were on level 7 of the Dungeon.
You worshipped Makhleb.
Makhleb was greatly pleased with you.
You were hungry.
You were a tree.
You visited 1 branch of the dungeon, and saw 8 of its levels.

You collected 519 gold pieces.

Inventory:

Hand Weapons
 a - a +1 spear
 k - a +1 trident (weapon)
Armour
 b - a +0 robe
 j - a +2 leather armour (melded)
 l - a +1 pair of gloves
 n - the cursed -4 pair of gloves of Hano Pohot (melded) {Dex+3 Slay+3}
   (You found it on level 6 of the Dungeon)

   It affects your dexterity (+3).
   It affects your accuracy and damage with ranged weapons and melee attacks
   (+3).
   It has a curse placed upon it.
 u - a +1 cloak (melded)
Jewellery
 e - an uncursed ring of attention
 h - a +4 ring of protection (left branch)
 i - an uncursed ring of ice
 m - an amulet of regeneration (around neck)
 q - a ring of see invisible (right branch)
Wands
 r - a wand of paralysis (9)
 s - a wand of random effects (11)
 t - a wand of flame (39)
Scrolls
 f - 5 scrolls of amnesia
 g - 10 scrolls of identify
 o - 2 scrolls of teleportation
 p - a scroll of remove curse
Potions
 v - a potion of haste
Comestibles
 c - 15 rations


   Skills:
 + Level 6.7 Fighting
 - Level 14.3 Polearms
 + Level 6.1 Dodging
 - Level 1.5 Stealth


You had 8 spell levels left.
You didn't know any spells.
Your spell library contained the following spells:

 Spells                   Type           Power        Failure   Level  Hunger
 Flame Tongue             Conj/Fire      #....        52%         1    ##.....
 Sting                    Conj/Pois      #...         52%         1    ##.....
 Poisonous Vapours        Pois/Air       #.....       65%         2    ###....
 Throw Flame              Conj/Fire      #.....       65%         2    ###....
 Conjure Flame            Conj/Fire      #.......     86%         3    ####...
 Inner Flame              Hex/Fire       #.......     86%         3    ####...
 Mephitic Cloud           Conj/Pois/Air  #.......     86%         3    ####...
 Olgreb's Toxic Radiance  Pois           #.......     99%         4    #####..
 Sticky Flame             Conj/Fire      #.......     99%         4    #####..
 Fireball                 Conj/Fire      #.........   100%        5    ######.
 Venom Bolt               Conj/Pois      #.........   100%        5    ######.


Dungeon Overview and Level Annotations

Branches:
Dungeon (8/15)             Temple (0/1) D:6            Lair (0/6) D:8

Altars:
Ashenzari
Dithmenos
Gozag
Hepliaklqana
Makhleb
Nemelex Xobeh
Uskayaw
Yredelemnul

Annotations:
D:3 3 runed translucent doors, andwaal's ghost, amateur SpVM
D:6 1 runed translucent door


Innate Abilities, Weirdness & Mutations

((You reflexively headbutt those who attack you in melee.))
((You have a pair of horns on your head.))
((Your flesh is heat resistant. (rF+)))
You do not regenerate when monsters are visible.
Your spells are a little harder to cast, but a little more powerful.


Message History

Your roots penetrate the ground.
A hippogriff comes into view.
The death yak gores you!
* * * LOW HITPOINT WARNING * * *
You hit the death yak but do no damage.
The death yak is heavily wounded.
You hit the death yak but do no damage.
The death yak is heavily wounded.
The death yak gores you but does no damage.
You hit the death yak.
The death yak is heavily wounded.
You puncture the death yak!
The death yak is severely wounded.
The death yak gores you but does no damage.
You puncture the death yak!
The death yak is severely wounded.
The death yak gores you!
* * * LOW HITPOINT WARNING * * *
A demon appears!
The death yak gores you.
You die...

...#....##...##......#
.####...##...##......#
#####...##...##......#
.#...........##......#
.#...................#
.#...................#
.##.....##...##......#
.#########'####.H....#
..#............Y♣4...#
..#..................#
[.#..................#
.######.####.##.##...#
.##..##'####.##.##...#
......'...#..........#
......#...'..........#
......#...#..........#
......#...#..........#


You could see a death yak, a hippogriff and a friendly orange demon.

Vanquished Creatures
  The ghost of Bronedek the Cleaver, a novice MiBe of Trog (D:6)
  Grinder (D:6)
  2 hippogriffs (D:7)
  Eustachio (D:6)
  Menkaure (D:5)
  2 orc warriors
  A sky beast (D:5)
  A necrophage (D:7)
  An ogre (D:6)
  2 centaurs (D:6)
  4 bullfrogs
  2 scorpions
  4 electric eels (D:7)
  4 crimson imps
  A bullfrog zombie (D:5)
  A jelly (D:5)
  Crazy Yiuf (D:6)
  2 orc priests (D:6)
  5 hounds
  2 centaur skeletons (D:7)
  6 orc wizards
  2 worker ants (D:4)
  A killer bee zombie (D:6)
  2 hound zombies
  2 hound skeletons
  2 howler monkey skeletons
  A river rat (D:6)
  8 adders
  A shadow imp (D:5)
  2 oozes (D:6)
  2 adder zombies
  An adder skeleton (D:4)
  2 worms
  16 dart slugs
  4 leopard geckos
  33 orcs
  A ball python (D:2)
  4 giant cockroaches
  9 goblins
  6 hobgoblins
  3 jackals (D:5)
  4 quokkas
  3 bats
  4 frilled lizards
  2 gnoll zombies (D:3)
  3 kobolds
  6 rats
169 creatures vanquished.

Notes
Turn   | Place    | Note
-------+----------+-------------------------------------------
     0 | D:1      | Curus the Minotaur Monk began the quest for the Orb.
     0 | D:1      | Reached XP level 1. HP: 19/19 MP: 0/0
   115 | D:1      | Reached skill level 4 in Polearms
   241 | D:1      | Reached XP level 2. HP: 19/26 MP: 1/1
   754 | D:2      | Reached skill level 5 in Polearms
   793 | D:2      | Reached XP level 3. HP: 26/31 MP: 2/2
   955 | D:2      | Noticed a black bear
  1003 | D:3      | Found a sparkling altar of Nemelex Xobeh.
  1006 | D:3      | Found a shattered altar of Ashenzari.
  1006 | D:3      | Found a burning altar of Makhleb.
  1007 | D:3      | Found a hide-covered altar of Uskayaw.
  1015 | D:3      | Became a worshipper of Makhleb the Destroyer
  1015 | D:3      | Reached * piety under Makhleb
  1015 | D:3      | Reached ** piety under Makhleb
  1071 | D:3      | Noticed andwaal's ghost (amateur SpVM)
  1074 | D:3      | Found a runed translucent gate.
  1074 | D:3      | Found a runed translucent gate.
  1075 | D:3      | Found a runed translucent gate.
  1168 | D:3      | Found a basalt altar of Yredelemnul.
  1381 | D:3      | Found a shadowy altar of Dithmenos.
  1387 | D:3      | Reached XP level 4. HP: 38/39 MP: 3/3
  1391 | D:3      | Reached skill level 6 in Polearms
  1787 | D:4      | Reached skill level 7 in Polearms
  1787 | D:4      | Reached XP level 5. HP: 43/45 MP: 4/4
  2013 | D:4      | Found a hazy altar of Hepliaklqana.
  2144 | D:4      | Reached *** piety under Makhleb
  2174 | D:4      | Reached skill level 8 in Polearms
  2221 | D:4      | Found an opulent altar of Gozag.
  2373 | D:5      | Entered Level 5 of the Dungeon
  2381 | D:5      | Reached XP level 6. HP: 51/51 MP: 5/5
  2454 | D:5      | Found an opulent altar of Gozag.
  2456 | D:5      | Noticed Menkaure
  2461 | D:5      | Reached skill level 9 in Polearms
  2467 | D:5      | Killed Menkaure
  2467 | D:5      | Reached XP level 7. HP: 43/57 MP: 6/6
  2602 | D:5      | Reached skill level 10 in Polearms
  2866 | D:5      | Gained mutation: Your flesh is heat resistant. (rF+)
                  | [potion of mutation]
  2866 | D:5      | Gained mutation: Your spells are a little harder to cast,
                  | but a little more powerful. [potion of mutation]
  3031 | D:6      | Reached skill level 11 in Polearms
  3105 | D:6      | Noticed Eustachio
  3108 | D:6      | Reached **** piety under Makhleb
  3277 | D:6      | Got a pair of bloodstained gloves
  3288 | D:6      | Identified the cursed -4 pair of gloves of Hano Pohot
                  | {Dex+3 Slay+3} (You found it on level 6 of the Dungeon)
  3341 | D:6      | Reached XP level 8. HP: 64/64 MP: 7/7
  3364 | D:6      | Found a runed translucent door.
  3370 | D:6      | Noticed Bronedek's ghost (novice MiBe)
  3436 | D:6      | Found a runed translucent door.
  3437 | D:6      | Noticed Crazy Yiuf
  3469 | D:6      | Noticed Grinder
  3498 | D:6      | Killed Grinder
  3498 | D:6      | Reached skill level 12 in Polearms
  3559 | D:6      | Found a staircase to the Ecumenical Temple.
  3581 | D:6      | Found a runed translucent door.
  3715 | D:6      | Killed Eustachio
  3715 | D:6      | Reached skill level 13 in Polearms
  3718 | D:6      | Found a sparkling altar of Nemelex Xobeh.
  3917 | D:6      | Killed Bronedek's ghost
  3917 | D:6      | Reached skill level 14 in Polearms
  3917 | D:6      | Reached XP level 9. HP: 34/70 MP: 0/8
  3994 | D:6      | Killed Crazy Yiuf
  4114 | D:7      | Reached skill level 5 in Fighting
  4139 | D:7      | Paralysed by an orc wizard for 3 turns
  4148 | D:7      | Reached skill level 5 in Dodging
  4247 | D:7      | HP: 3/74 [electric eel/bolt of electricity (15)]
  4603 | D:7      | Gained mutation: You do not regenerate when monsters are
                  | visible. [a neqoxec]
  5038 | D:8      | Noticed a death yak
  5039 | D:8      | Found a staircase to the Lair.
  5042 | D:8      | Noticed a death yak
  5042 | D:8      | Noticed a death yak
  5072 | D:7      | HP: 5/117 [death yak (13)]
  5073 | D:7      | Slain by a death yak

Levels and vault maps discovered:
D:1:      dpeg_arrival_solitude, layout_rooms
D:2:      layout_rooms
D:3:      layout_loops_ring, lemuel_zombie_altar_yredelemnul,
          chequers_temple_overflow_statue_of_worship, first_ration,
          ebering_ghost_rock_garden, nicolae_dithmenos_shadow_blocks
D:4:      layout_loops_cross, grunt_gozag_breadcrumbs, old_standard_altar,
          minmay_fractal_squares_gapless_5
D:5:      layout_gridville, basic_altar, uniq_menkaure
D:6:      layout_basic, minmay_temple_entry_slanted, ebering_ghost_sewer_f,
          nemelex_dance_club_becter, uniq_grinder, uniq_crazy_yiuf_cottage,
          uniq_eustachio
D:7:      kennysheep_slugbush, layout_gridville
D:8:      layout_rooms, dpeg_lair_monsters

Skill      XL: |  1  2  3  4  5  6  7  8  9 |
---------------+----------------------------+-----
Polearms       | 4 5 7 8 9 11 14 | 14.3
Fighting       | 6 |  6.7
Dodging        | 6 |  6.1
Stealth        | |  1.5

Action                   |  1- 3 |  4- 6 |  7- 9 || total
-------------------------+-------+-------+-------++-------
Melee: Spear             |   117 |    79 |       ||   196
       Headbutt          |     8 |    24 |    43 ||    75
       Trident           |       |    47 |   299 ||   346
Invok: Minor Destruction |       |     1 |       ||     1
       Lesser Servant of |       |       |     3 ||     3
  Use: Scroll            |     8 |     4 |     4 ||    16
       Potion            |     2 |     4 |     5 ||    11
 Stab: Sleeping          |     4 |     3 |     3 ||    10
       Distracted        |       |       |     1 ||     1
       Invisible         |       |       |     1 ||     1
  Eat: Chunk             |     1 |     4 |     8 ||    13
Armor: Leather armour    |    14 |    35 |    42 ||    91
       Skin              |       |       |     2 ||     2
Dodge: Dodged            |    39 |    52 |   118 ||   209
